 Dungeon Crawl Stone Soup version 0.26-a0-852-g6321bf7485 (webtiles) character file.

Game seed: 16307872087041614490

3092 mhtbhm the Blocker (level 9, 0/60 HPs)
             Began as a Gargoyle Fighter on Nov 21, 2020.
             Was an Initiate of Elyvilon.
             Slain by Grum
             ... wielding a -1 spear
              (7 damage)
             ... on level 10 of the Dungeon.
             The game lasted 00:12:46 (7270 turns).

mhtbhm the Blocker (Gargoyle Fighter)               Turns: 7270, Time: 00:12:49

Health: 0/60       AC: 16    Str: 22    XL:     9   Next: 89%
Magic:  9/9        EV: 10    Int: 10    God:    Elyvilon [......]
Gold:   399        SH: 16    Dex: 11    Spells: 8/8 levels left

rFire    . . .     SeeInvis .   a - +0 flail
rCold    . . .     Faith    .   c - +0 kite shield
rNeg     + . .     Spirit   .   b - +0 scale mail
rPois    ∞         Reflect  +   r - +1 hat
rElec    +         Harm     .   (no cloak)
rCorr    +         Rampage  .   l - +0 pair of gloves
MR       .....                  (no boots)
Stlth    ..........             D - amulet of reflection
HPRegen  0.20/turn              B - ring of resist corrosion
MPRegen  0.11/turn              (no ring)

@: about to teleport
A: agile 1, negative energy resistance 1, robust 1, electricity resistance, wild
magic 1, unbreathing, petrification resistance, rot immunity, AC +6
a: Renounce Religion


You were on level 10 of the Dungeon.
You worshipped Elyvilon.
Elyvilon was noncommittal.
You visited 2 branches of the dungeon, and saw 9 of its levels.
You also visited: Ossuary.

You collected 399 gold pieces.

Inventory:

Hand Weapons
 a - a +0 flail (weapon)
Armour
 b - a +0 scale mail (worn)
 c - a +0 kite shield (worn)
 l - a +0 pair of gloves (worn)
 r - a +1 hat (worn)
Jewellery
 B - a ring of resist corrosion (left hand)
 D - an amulet of reflection (around neck)
Wands
 n - a wand of flame (17)
 t - a wand of iceblast (6)
Scrolls
 e - 3 scrolls of immolation
 f - a scroll of magic mapping
 j - 4 scrolls of enchant armour
 m - 3 scrolls of amnesia
 q - 4 scrolls of teleportation
 s - 6 scrolls of remove curse
 w - 4 scrolls of fear
 y - a scroll of enchant weapon
Potions
 d - 3 potions of might
 g - 2 potions of cancellation
 h - 4 potions of flight
 i - 4 potions of brilliance
 k - 2 potions of curing
 o - 5 potions of haste
 u - 2 potions of attraction {unknown}
 v - a potion of invisibility {unknown}
 x - 4 potions of mutation
 z - 2 potions of lignification {unknown}
 A - 2 potions of ambrosia {unknown}
 F - 9 potions of degeneration {unknown}
 G - a potion of berserk rage {unknown}


   Skills:
 + Level 5.6 Fighting
 + Level 8.4 Maces & Flails
 + Level 6.5 Armour
 + Level 3.1 Dodging
 - Level 0.4 Stealth
 + Level 8.5 Shields
 + Level 0.3 Evocations


You had 8 spell levels left.
You didn't know any spells.
Your spell library was empty.

Dungeon Overview and Level Annotations

Branches:
Dungeon (7/15)             Temple (1/1) D:7         Ossuary (visited)

Altars:
Ashenzari
Elyvilon
Fedhas
Gozag
Hepliaklqana
Kikubaaqudgha
Makhleb
Ru
Sif Muna
Trog
Uskayaw
Wu Jian
Yredelemnul
The Shining One

Annotations:
D:10 Grum


Innate Abilities, Weirdness & Mutations

You are resistant to torment.
Your stone body is resilient. (AC +6)
You are immune to poison.
You resist negative energy. (rN+)
You are resistant to electric shocks. (rElec)
You can survive without breathing.
You are immune to petrification.
You are immune to rotting.
You are agile. (Dex +2)
You are robust. (+10% HP)
Your spells are a little harder to cast, but a little more powerful.


Message History

Unknown command.
You hit the wolf.
The wolf is moderately wounded.
The wolf barely misses you. You block the wolf's attack.
You miss the wolf.
The wolf is moderately wounded.
The wolf bites you. You block the wolf's attack.
Grum hits you from afar with a -1 spear!
* * * LOW HITPOINT WARNING * * *
The wolf bites you.
* * * LOW HITPOINT WARNING * * *
Okay, then.
As you read the scroll of teleportation, it crumbles to dust.
You feel strangely unstable.
You feel yourself speed up. The wolf bites you!
* * * LOW HITPOINT WARNING * * *
You block Grum's attack. You block the wolf's attack. x2
Grum hits you from afar with a -1 spear!
You die...

########### .........#
#.........# .#.......#
#.........# .........#
#.......#.# .........#
#.##......# .....##..#
#.........#.######### .........#
#...#'##'##h#........ .........#
#...+.#..##g'.......#
.#...)...###...#@#..####........
.............#.#h#..#....#..#...
.............#.#g#..'†#..# .#
...............#W'..#.h..# #
......#..###...#.#..####....
.........#.#...#.#)..#.####.
.........#.#...+.#...#....# #
.........#.+...##########.#
.....#...#.#....#########.#####


You could see Grum, a wraith and a wolf.

Vanquished Creatures
  A deep elf mage (D:6)
  Menkaure (D:4)
  Duvessa (D:7)
  A water moccasin (D:4)
  2 sky beasts
  An ice beast (D:6)
  3 ogres
  2 wolves (D:10)
  A centaur (D:7)
  Blork the orc (D:4)
  An elf zombie (D:6)
  An elf skeleton (D:6)
  Dowan (D:7)
  A water moccasin zombie (D:6)
  3 scorpions
  6 killer bees (D:7)
  3 wights (D:6)
  2 jellies (D:10)
  An orc priest (D:4)
  An orc wizard (D:6)
  A human zombie (Ossuary)
  Jessica (D:2)
  Terence (D:2)
  3 iguanas
  3 human skeletons (D:6)
  2 worker ants
  A big kobold zombie (Ossuary)
  3 mummies (Ossuary)
  A worker ant zombie (D:6)
  4 gnolls
  16 adders
  2 shadow imps
  An ufetubus (D:7)
  An ooze (D:5)
  An adder zombie (D:5)
  2 worms (D:2)
  2 dart slugs (D:1)
  2 leopard geckos
  12 orcs
  A ball python (D:1)
  6 giant cockroaches
  6 goblins
  9 hobgoblins
  5 jackals
  2 quokkas (D:2)
  3 bats
  4 frilled lizards
  A gnoll zombie (Ossuary)
  A hobgoblin zombie (Ossuary)
  10 kobolds
  3 kobold zombies (Ossuary)
  An orc skeleton (D:6)
  An orc zombie (Ossuary)
  6 rats
152 creatures vanquished.

Vanquished Creatures (others)
  An orc (D:6)
1 creature vanquished.

Grand Total: 153 creatures vanquished

Notes
Turn   | Place    | Note
-------+----------+-------------------------------------------
     0 | D:1      | mhtbhm the Gargoyle Fighter began the quest for the Orb.
     0 | D:1      | Reached XP level 1. HP: 14/14 MP: 1/1
   154 | D:1      | Reached XP level 2. HP: 19/19 MP: 2/2
   617 | D:1      | Reached XP level 3. HP: 23/23 MP: 3/3
   827 | D:2      | Noticed Jessica
   836 | D:2      | Killed Jessica
  1145 | D:2      | Reached XP level 4. HP: 24/28 MP: 4/4
  1293 | D:2      | Found an ornate altar of the Wu Jian Council.
  1716 | D:2      | Noticed Terence
  1732 | D:2      | Killed Terence
  1733 | D:2      | Reached XP level 5. HP: 29/32 MP: 5/5
  2462 | D:4      | Reached skill level 1 in Dodging
  2462 | D:4      | Reached XP level 6. HP: 36/38 MP: 6/6
  2583 | D:4      | Noticed Menkaure
  2592 | D:4      | Killed Menkaure
  2593 | D:4      | Reached skill level 5 in Shields
  3267 | D:4      | Reached XP level 7. HP: 31/43 MP: 7/7
  3396 | D:4      | Reached skill level 5 in Maces & Flails
  3522 | D:4      | Noticed Blork the orc
  3573 | D:4      | Killed Blork the orc
  4148 | D:5      | Entered Level 5 of the Dungeon
  4633 | D:6      | Reached skill level 5 in Armour
  4684 | D:6      | Reached XP level 8. HP: 39/48 MP: 8/8
  4746 | D:6      | Found a burning altar of Makhleb.
  4822 | D:6      | Found a sand-covered staircase.
  4827 | Ossuary  | Entered an ossuary
  5399 | D:6      | Noticed a balrug
  5515 | D:6      | Found a glowing golden altar of the Shining One.
  5517 | D:6      | Noticed an angel
  5537 | D:6      | Found a basalt altar of Yredelemnul.
  5545 | D:6      | Reached skill level 5 in Fighting
  5551 | D:6      | Noticed a profane servitor
  5885 | D:6      | Noticed a deep elf mage
  5889 | D:6      | Gained mutation: You are agile. (Dex +2) [potion of
                  | mutation]
  5889 | D:6      | Gained mutation: Your spells are a little harder to cast,
                  | but a little more powerful. [potion of mutation]
  5889 | D:6      | Gained mutation: You are robust. (+10% HP) [potion of
                  | mutation]
  5904 | D:6      | Killed a deep elf mage
  5905 | D:6      | Reached XP level 9. HP: 13/59 MP: 9/9
  6637 | D:7      | Noticed Dowan
  6638 | D:7      | Noticed Duvessa
  6638 | D:7      | Found a staircase to the Ecumenical Temple.
  6666 | D:7      | Killed Duvessa
  6686 | D:7      | Killed Dowan
  6793 | Temple   | Entered the Ecumenical Temple
  6961 | Temple   | Became a worshipper of Elyvilon the Healer
  7047 | D:7      | You fall into a shaft and drop 3 floors!
  7047 | D:10     | Entered Level 10 of the Dungeon
  7230 | D:10     | Noticed Grum
  7270 | D:10     | Slain by Grum

Illustrated notes

Levels and vault maps discovered:
D:1:      doesnt_arrival_eight_statues, layout_loops_ring
D:2:      layout_basic, lemuel_round_altar, uniq_jessica, uniq_terence
D:3:      layout_rooms, kennysheep_generic_room_16
D:4:      layout_rooms, serial_co_window_serial, co_window_paths_a,
          co_window_paths_b, co_window_paths_a, co_window_of_opportunity_a,
          co_window_paths_a, co_window_paths_c, co_window_2corner,
          co_window_of_opportunity_c, co_window_broadway_b, glass_columns_a,
          uniq_menkaure, uniq_blork_the_orc
D:5:      layout_rooms
D:6:      layout_rooms, grunt_temple_overflow_holy_war,
          makhleb_altar_promises_db, nicolae_ossuary_entry_catacombs,
          guppyfry_early_elven_hall
D:7:      layout_loops_ring, grunt_temple_overflow_open, temple_fountains,
          uniq_duvessa
D:10:     layout_stronghold, hangedman_misty_isle, uniq_grum
Temple:   compressed_dpeg_circular_temple

Skill      XL: |  1  2  3  4  5  6  7  8  9 |
---------------+----------------------------+-----
Maces & Flails | 3 4 5 8 |  8.4
Shields        | 4 5 7 8 |  8.5
Armour         | 4 5 6 |  6.5
Dodging        | 1 2 3 |  3.1
Fighting       | 4 5 |  5.6
Stealth        | |  0.4
Evocations     | |  0.3

Action                   |  1- 3 |  4- 6 |  7- 9 || total
-------------------------+-------+-------+-------++-------
Melee: Flail             |    86 |   207 |   564 ||   857
Evoke: Wand              |       |       |     5 ||     5
  Use: Scroll            |       |    10 |     6 ||    16
       Potion            |       |       |    10 ||    10
Armor: Scale mail        |    62 |   133 |   244 ||   439
Dodge: Dodged            |    35 |    95 |   164 ||   294
Block: Kite shield       |    52 |   136 |   410 ||   598
       Reflection        |       |       |     2 ||     2

Table legend: (Time is in decaauts)
 A = Elapsed time spent in this place.
 B = Non-inter-level travel time spent in this place.
 C = Inter-level travel time spent in this place.
 D = Time resting spent in this place.
 E = Time spent auto-exploring this place.
 F = Levels seen in this place.
 G = Mean time per level.
                   A        B        C        D        E       F      G
               +--------+--------+--------+--------+--------+-----+--------+
         Total |   7432 |   7388 |     44 |   1330 |   3768 |  10 |  743.2 |
       Dungeon |   6777 |   6733 |     44 |   1322 |   3458 |   8 |  847.1 |
        Temple |    199 |    199 |      0 |      0 |    113 |   1 |  199.0 |
       Ossuary |    455 |    455 |      0 |      8 |    197 |   1 |  455.0 |
               +--------+--------+--------+--------+--------+-----+--------+

Top non-repeatable levels by time:
     D:6: 1313 daAuts
     D:4: 1206 daAuts
     D:3: 1168 daAuts
     D:2: 1088 daAuts
     D:1: 795 daAuts
     D:7: 502 daAuts
     D:5: 471 daAuts
 Ossuary: 455 daAuts
    D:10: 232 daAuts
  Temple: 199 daAuts
